Map: Ruins of Seras

Players

SticklerMac

  • Race: Terran Terran
  • League: Bronze

ÐiReWØLF - Winner!

  • Race: Terran Terran
  • League: Bronze

VOD

Have the link to the VOD?

Description

Time

  • Played on: July 27, 2015, 10:26 p.m.
  • Length: 28:02
Show
View Real Time Build Order
Export as new Build Order

SticklerMac Terran 

Build Orders:  

Get SALT Encoding   

  12  0:01  SCV  
  13  0:13  SCV  
  14  0:20  Supply Depot  
  14  0:25  SCV  
  15  0:42  SCV  
  16  0:43  Barracks  
  16  0:54  SCV  
  17  0:57  Refinery  
  17  1:11  SCV  
  18  1:26  Engineering Bay  
  18  1:29  SCV  
  19  1:33  Barracks  
  19  1:41  SCV  
  20  1:49  Refinery, Marine  
  21  2:03  Factory  
  21  2:04  SCV  
  22  2:09  Barracks Tech Lab  
  22  2:16  SCV  
  23  2:22  Barracks Reactor  
  23  2:26  Barracks  
  23  2:43  Supply Depot  
  23  2:58  Supply Depot  
  23  3:05  SCV, Marine x2  
  26  3:07  Supply Depot  
  26  3:08  Terran Infantry Weapons Level 1  
  26  3:23  Siege Tank  
  29  3:33  Marine x2  
  30  3:39  Barracks Reactor  
  30  3:42  Supply Depot  
  30  3:45  Barracks  
  29  3:54  Bunker  
  25  4:05  Siege Tank  
  28  4:14  Marine x2  
  27  4:19  Marine  
  27  4:21  Marine  
  26  4:37  SCV  
  25  4:44  Marine  
  24  4:49  SCV  
  25  5:00  Barracks Reactor  
  25  5:01  Barracks Reactor  
  25  5:16  Marine x2  
  25  5:17  Marine  
  25  5:18  Marine  
  29  5:29  Terran Infantry Armor Level 1  
  29  5:34  Marine  
  30  5:45  Siege Tank  
  33  5:51  Marine x2  
  33  5:52  Marine x2  
  33  5:55  Marine  
  38  5:59  Marine  
  38  6:03  Marine  
  40  6:05  Marine  
  40  6:09  Marine  
  42  6:18  Orbital Command  
  42  6:52  Marine x2  
  42  6:53  Marine x5  
  49  6:55  Marine  
  50  7:28  Siege Tank  
  53  7:36  Marine x2  
  55  7:38  Command Center  
  55  7:43  Command Center  
  55  7:56  Supply Depot  
  55  8:17  Marine  
  56  8:23  Marine x4  
  56  8:24  Marine x2  
  62  8:29  Supply Depot  
  62  8:39  Marine  
  63  8:43  Marine  
  26  9:03  Marine  
  26  9:04  Marine x4  
  26  9:05  Marine x3  
  34  9:21  Marine  
  34  9:22  Marine x2  
  37  9:29  Siege Tank  
  40  9:34  Marine x3  
  40  9:35  Marine  
  40  9:37  Marine  
  45  9:52  Marine x5  
  36  9:53  Marine x2  
  36  9:55  Marine  
  33  10:10  Marine x2  
  28  10:29  Marine x8  
  36  10:46  Marine  
  36  10:47  Marine x7  
  38  11:04  Marine  
  38  11:05  Marine x2  
  34  11:13  Marine x3  
  36  11:21  Marine x2  
  36  11:22  Marine x3  
  41  11:30  Marine  
  42  12:08  Marine  
  42  12:09  Marine x7  
  50  12:26  Marine x3  
  50  12:27  Marine  
  42  12:47  Marine x7  
  48  13:04  Marine  
  48  13:05  Marine  
  50  13:07  Marine  
  50  13:08  Marine x4  
  55  13:22  Marine  
  55  13:23  Marine  
  55  13:25  Marine  
  55  13:26  Marine  
  40  13:39  Marine x3  
  40  13:40  Marine  
  28  14:09  Marine  
  24  14:20  Marine  
  24  14:21  Marine x5  
  28  14:27  Marine  
  29  14:38  Marine  
  29  14:39  Marine  
  30  14:52  Marine x5  
  33  14:56  Marine  
  33  14:57  Marine  
  30  15:10  Marine x5  
  30  15:14  Marine x2  
  29  15:27  Marine  
  29  15:28  Marine x4  
  32  15:32  Marine x2  
  36  15:45  Marine x2  
  36  15:46  Marine x3  
  36  15:49  Marine  
  41  15:50  Marine  
  43  16:03  Marine x3  
  43  16:04  Marine x2  
  47  16:07  Marine  
  47  16:08  Marine  
  50  16:21  Marine x4  
  50  16:22  Marine  
  50  16:25  Marine  
  55  16:26  Marine  
  57  16:39  Marine x4  
  61  16:42  Marine  
  61  16:43  Marine x2  
  64  16:56  Marine  
  64  16:57  Marine x3  
  64  17:00  Marine  
  64  17:01  Marine x2  
  69  17:14  Marine x2  
  69  17:15  Marine x2  
  73  17:17  Marine  
  71  17:24  Marine  
  71  17:25  Marine  
  71  17:32  Marine x2  
  52  18:12  Marine x5  
  53  18:13  Marine x2  
  57  18:30  Marine x6  
  57  18:31  Marine  
  62  18:47  Marine  
  62  18:48  Marine x6  
  66  19:05  Marine x2  
  66  19:06  Marine  
  66  19:09  Marine x2  
  66  19:10  Marine x2  
  69  19:23  Marine x3  
  72  19:27  Marine x3  
  74  19:50  Orbital Command  
  74  20:05  Starport  
  74  20:18  Marine x4  
  74  20:19  Marine x3  
  80  20:51  Medivac  
  82  21:04  SCV  
  83  21:16  SCV  
  83  21:17  Refinery  
  84  21:18  Refinery  
  84  21:28  SCV  
  85  21:40  SCV  
  86  22:21  SCV  
  84  22:53  Marine  
  84  22:54  Marine  
  86  23:22  Marine  
  86  23:23  Marine  
  86  23:36  SCV, Marine x5  
  86  23:39  Marine  
  47  23:41  Marine  
  32  23:54  Marine x5  
  27  23:57  Marine  
  27  23:59  Marine  
  22  24:12  Marine x5  
  22  24:15  Marine  
  23  24:17  Marine  
  20  24:30  Marine  
  13  25:21  Orbital Command  
Show
View Real Time Build Order
Export as new Build Order

ÐiReWØLF Terran - Winner!

Build Orders:  

Get SALT Encoding   

  12  0:02  SCV  
  13  0:14  SCV  
  14  0:24  Supply Depot  
  14  0:26  SCV  
  15  0:44  Refinery  
  15  0:45  SCV  
  15  0:48  Barracks  
  16  0:57  SCV  
  17  1:10  SCV  
  18  1:16  Refinery  
  18  1:22  SCV  
  18  1:24  Supply Depot  
  19  1:34  SCV  
  19  1:37  Barracks  
  20  1:41  Reaper  
  20  1:46  SCV  
  22  1:58  SCV  
  23  2:02  Barracks  
  23  2:05  Barracks  
  23  2:10  SCV  
  24  2:20  Supply Depot  
  24  2:22  SCV, Reaper  
  26  2:33  Reaper  
  27  2:43  Factory  
  27  3:03  Reaper  
  27  3:04  Reaper  
  29  3:05  Reaper  
  24  4:52  Starport  
  24  4:57  Factory Reactor  
  24  4:58  Starport  
  24  5:00  Armory  
  24  5:05  Barracks Reactor  
  24  5:07  Barracks Tech Lab  
  24  5:08  Barracks Tech Lab  
  24  5:20  Barracks Reactor  
  24  5:22  SCV  
  25  5:34  SCV  
  26  5:43  Starport Reactor  
  26  5:46  SCV  
  27  5:50  Liberator  
  27  5:54  Marine x2  
  27  5:56  Marauder  
  33  5:57  Marauder  
  33  5:58  SCV, Marine x2  
  39  6:17  Command Center, Orbital Command  
  39  6:22  Supply Depot  
  39  6:23  Supply Depot  
  39  6:29  Supply Depot  
  39  6:32  Liberator  
  39  6:43  Marine x4  
  39  6:44  Marauder x2  
  50  6:57  Liberator  
  50  7:01  Marine x4  
  50  7:04  Marine x2  
  50  7:07  Supply Depot  
  59  7:19  Marine x4  
  63  7:26  Liberator  
  63  7:28  Marine x2  
  65  7:32  Supply Depot  
  65  7:35  Supply Depot  
  65  7:36  Marine x4  
  72  7:46  Marine x2  
  74  7:54  Marine x4  
  78  8:04  Marine x2  
  80  8:07  SCV  
  81  8:19  SCV  
  82  8:31  SCV  
  83  8:43  SCV  
  76  8:55  SCV  
  71  9:18  Liberator  
  71  9:19  Liberator  
  71  9:29  Marine x2  
  71  9:31  Marine x2  
  78  9:47  Marine x2  
  78  9:48  Marine  
  78  9:49  Marine  
  53  10:04  Marine x2  
  53  10:06  Marine x2  
  54  10:22  Marine x2  
  54  10:24  Marine x2  
  55  10:34  Medivac x4  
  63  10:36  Marine  
  63  10:38  Marine  
  65  10:48  Factory Reactor  
  66  10:50  SCV  
  66  10:53  Refinery  
  66  10:54  Refinery, Marine  
  66  10:56  Marine  
  68  11:02  SCV  
  55  11:12  Marine  
  55  11:14  SCV, Marine  
  55  11:15  Marine x2  
  55  11:16  Marine x2  
  62  11:18  Medivac  
  62  11:19  Medivac x2  
  68  11:26  SCV  
  68  11:30  Marine  
  68  11:31  Marine  
  69  11:32  Marine  
  69  11:33  Marine  
  69  11:34  Marine x2  
  69  11:38  SCV  
  74  11:48  Medivac, Marine  
  74  11:49  Marine  
  74  11:50  Marine x2  
  74  11:52  Marine x2  
  82  12:08  Marine x2  
  82  12:09  Medivac x2  
  82  12:10  Marine x2, Medivac  
  92  12:18  Medivac  
  92  12:21  Orbital Command  
  92  12:22  Command Center  
  67  12:48  Widow Mine x2  
  67  12:50  Marine  
  67  12:51  Marine  
  73  12:52  Marine  
  73  12:53  Marine  
  77  12:58  Marauder  
  77  13:02  Combat Shields  
  70  13:08  Marine x2  
  70  13:10  Marine  
  71  13:16  Widow Mine x2  
  75  13:25  Liberator  
  75  13:26  Liberator, Marine x2  
  72  13:44  Marine x2  
  72  13:45  Widow Mine x2  
  81  14:13  Widow Mine x2  
  81  14:15  Liberator x2  
  83  14:33  Marine x2  
  83  14:34  Marine  
  83  14:35  Marine  
  93  14:51  Marine x2  
  93  14:52  Marine x2  
  97  15:08  Liberator  
  97  15:09  Liberator, Marine x2  
  97  15:10  Marine x2  
  101  15:27  Marine x2  
  101  15:28  Marine x2  
  94  18:18  Marine x2  
  96  18:20  Marine x2  
  96  18:23  Marauder  
  96  18:24  Marauder  
  96  18:26  Stimpack  
  102  18:27  Concussive Shells  
  102  18:32  Refinery  
  102  18:33  Refinery  
  102  18:36  Marine x2  
  102  18:37  Marine  
  102  18:38  Marine  
  106  18:44  Marauder  
  106  18:45  Marauder  
  110  18:54  Marine x2  
  112  18:55  Marine x2  
  114  19:05  Marauder  
  116  19:11  Marine  
  117  19:57  Supply Depot  
  117  19:58  Supply Depot  
  117  20:02  Supply Depot  
  117  20:03  Supply Depot  
  117  20:19  Marauder x2, Widow Mine x2, Marine x4  
  129  20:36  Marine x4  
  129  20:40  Marauder x2  
  137  20:48  Widow Mine x2  
  141  20:54  Marine x4  
  145  21:02  Marauder x2  
  149  21:16  Supply Depot  
  149  21:17  Supply Depot  
  149  21:19  Supply Depot  
  149  21:20  Liberator x2  
  149  21:21  Liberator x2  
  149  21:38  Marauder, Widow Mine  
  165  21:40  Widow Mine  
  165  21:41  Marauder, Marine x4  
  173  22:38  Marauder  
  173  22:39  Widow Mine  
  173  22:40  Widow Mine  
  173  22:44  Marauder  
  173  23:03  Supply Depot  
  173  23:08  Liberator  
  173  23:09  Supply Depot  
  173  23:12  Liberator  
  173  23:13  Liberator  
  173  23:14  Supply Depot  
  173  23:25  Marine x4  
  179  23:42  Marine x4  
  181  24:00  Marine x4  
  170  24:18  Marine x4  
  174  24:44  Orbital Command  
  168  24:58  Widow Mine x2  
  172  25:04  Marine x2  
  174  26:15  Command Center  
  174  26:20  Command Center  
  174  26:22  Supply Depot  
  174  26:24  Supply Depot  
  174  26:27  Supply Depot  
  174  26:47  Engineering Bay  
  174  27:18  Missile Turret  
  174  27:22  Missile Turret  
  174  27:31  Marine, Widow Mine x2  
  174  27:32  Marauder  
Tags
 
Add a new tag
Caveats
  • Supply blocks, unpowered buildings, or Contaminate may cause inaccurate times.
  • Supply counts are checked every 10 seconds.